 Dungeon Crawl Stone Soup version 0.25.1-2-g60ff931df9 (webtiles) character file.

Game seed: 2274192523330100738

21107 wpisznazwe the Blocker (level 12, -4/89 (90) HPs)
             Began as a Hill Orc Fighter on Aug 1, 2020.
             Was a High Priest of Beogh.
             Slain by Brunolf the orc knight
             ... wielding a +0 falchion
              (16 damage)
             ... on level 13 of the Dungeon.
             The game lasted 01:11:36 (17176 turns).

wpisznazwe the Blocker (Hill Orc Fighter)          Turns: 17176, Time: 01:11:36

HP:   -4/89 (90)    AC: 21    Str: 24    XL:     12   Next: 86%
MP:   18/18         EV:  9    Int:  8    God:    Beogh [*****.]
Gold: 1226          SH:  0    Dex: 10    Spells: 11/11 levels left

rFire    + + +     SeeInvis +   K - +1 hand axe (venom)
rCold    + . .     Gourm    .   c - +0 kite shield
rNeg     . . .     Faith    .   T - +0 fire dragon scales
rPois    .         Spirit   .   (no helmet)
rElec    .         Reflect  .   w - scarf {rC+ rF+}
rCorr    .         Harm     .   q - +0 pair of gloves
MR       .....                  L - +2 pair of boots
Stlth    ..........             (no amulet)
HPRegen  0.24/turn              y - ring of the Failed Coup {rC+ SInv}
MPRegen  0.16/turn              F - +4 ring of protection

@: confused
A: walk on water, talons 1, large bone plates 1, frail 1
a: Smiting, Recall Orcish Followers, Give Item to Named Follower, Renounce
Religion


You were on level 13 of the Dungeon.
You worshipped Beogh.
Beogh was extremely pleased with you.
You were not hungry.

You visited 1 branch of the dungeon, and saw 13 of its levels.
You also visited: Bailey.

You collected 1226 gold pieces.

Inventory:

Hand Weapons
 k - a +1 antimagic hand axe
 B - the +1 dire flail "Worehes" {speed, rPois rF+ Dex+2 SInv}
   (You found it on level 4 of the Dungeon)

   Attacks with this weapon are significantly faster.
   It affects your dexterity (+2).
   It protects you from fire.
   It protects you from poison.
   It lets you see invisible.
 H - the +0 mace of Suaqiceoxi {vorpal, rElec Dex+3}
   (You found it on level 8 of the Dungeon)

   It inflicts extra damage upon your enemies.
   It affects your dexterity (+3).
   It insulates you from electricity.
 K - a +1 hand axe of venom (weapon)
 S - the +6 dagger of the Baking Viper {protect, rF+ rN+ MR+ Dex+2}
   (You found it on level 11 of the Dungeon)

   It grants its wielder temporary protection when it strikes (+7 to AC).
   It affects your dexterity (+2).
   It protects you from fire.
   It protects you from negative energy.
   It affects your resistance to hostile enchantments.
 W - a +1 scimitar of flaming
Missiles
 i - a throwing net
 s - 20 boomerangs (quivered)
 O - 36 poisoned darts
 P - 2 javelins
Armour
 c - a +0 kite shield (worn)
 p - a +0 plate armour
 q - a +0 pair of gloves (worn)
 w - a scarf of resistance (worn)
 z - a +0 leather armour of cold resistance
 L - a +2 pair of boots (worn)
 M - a +1 leather armour of poison resistance
 R - a scarf of repulsion
 T - +0 fire dragon scales (worn)
Magical Staves
 o - an uncursed staff of earth
Jewellery
 n - an uncursed ring of magical power
 y - the ring of the Failed Coup (left hand) {rC+ SInv}
   (You found it on level 5 of the Dungeon)

   [ring of see invisible]

   It protects you from cold.
   It lets you see invisible.
 C - the ring "Luocoismat" {Fire +Inv MP+9 Dex-5 SInv}
   (You found it on level 7 of the Dungeon)

   [ring of fire]

   It enhances your fire magic.
   It affects your dexterity (-5).
   It protects you from fire.
   It makes you vulnerable to cold.
   It affects your magic capacity (+9).
   It lets you see invisible.
   It lets you turn invisible.
 F - a +4 ring of protection (right hand)
 J - a +6 ring of intelligence
 N - an uncursed ring of ice
 Q - a cursed ring of magical power
Wands
 j - a wand of digging (7)
 l - a wand of enslavement (12)
 r - a wand of random effects (12)
 u - a wand of flame (45)
 v - a wand of clouds (7)
 G - a wand of acid (12)
 V - a wand of disintegration (37)
Scrolls
 e - 9 scrolls of remove curse
 g - 4 scrolls of teleportation
 h - 11 scrolls of identify
 m - 5 scrolls of fog
 t - a scroll of fear
 A - 2 scrolls of amnesia
 I - 2 scrolls of enchant armour
 U - 4 scrolls of blinking
 X - 3 scrolls of enchant weapon
Potions
 b - 2 potions of brilliance
 d - 3 potions of might
 x - 5 potions of curing
 D - 5 potions of heal wounds
 E - a potion of mutation
 Y - a potion of resistance {unknown}
 Z - a potion of cancellation
Comestibles
 a - a chunk of flesh
 f - 34 rations


   Skills:
 + Level 8.1 Fighting
 + Level 12.9 Axes
 + Level 1.7 Throwing
 * Level 11.2 Armour
 - Level 0.2 Dodging
 * Level 13.7 Shields
 * Level 9.1 Invocations


You had 11 spell levels left.
You didn't know any spells.
Your spell library contained the following spells:

 Spells                   Type           Power        Failure   Level  Hunger
 Animate Skeleton         Necr           N/A          77%         1    ##.....
 Foxfire                  Conj/Fire      #...         77%         1    ##.....
 Pain                     Necr           #...         77%         1    ##.....
 Vampiric Draining        Necr           #.........   98%         3    ####...
 Animate Dead             Necr           N/A          100%        4    #####..
 Cause Fear               Hex            #.........   100%        4    #####..
 Agony                    Necr           #.......     100%        5    ######.
 Dragon Form              Tmut           #.........   100%        7    #######
 Dragon's Call            Summ           #.........   100%        9    #######


Dungeon Overview and Level Annotations

Branches:
Dungeon (13/15)            Temple (0/1) D:7            Lair (0/6) D:8
    Orc (0/2) D:11         Bailey (visited)
 Vaults: D:13-14

Altars:
Cheibriados
Dithmenos
Fedhas
Kikubaaqudgha
Nemelex Xobeh
Okawaru
Ru
Sif Muna
Uskayaw
Vehumet
Wu Jian
Xom
Zin
The Shining One

Shops:
D:6 }   D:10 (   D:12 ?

Annotations:
D:9 1 runed translucent door, cantrip's ghost, journeyman FoFi


Innate Abilities, Weirdness & Mutations

You can walk on water.
You have sharp toenails.
You are partially covered in large bone plates. (SH +4)
You are frail. (-10% HP)


Message History

Your orc knight hits you but does no damage.
You're too confused!
Unknown command.
It was a potion of cancellation.
Your magical effects are unravelling.
You feel magically purged.
You are engulfed in noxious fumes.
You choke on the stench!
You are more confused.
The brown ugly thing claws you!
* * * LOW HITPOINT WARNING * * *
You are splashed with acid!
* * * LOW HITPOINT WARNING * * *
The tengu conjurer barely misses you.
The tengu conjurer pecks you but does no damage.
The tengu conjurer claws you but does no damage.
Brunolf is engulfed in noxious fumes.
Brunolf appears confused.
Brunolf hits you with a +0 falchion!
You die...
Beogh appreciates Brunolf's killing of a heretic priest.

########.##. #.o.ooo..##. ##
####o######.##. ##.#
#.........#o##. #########?#$#
####.####.#o##' ##.......##.#.#
#......#o#.. .#.......#.#.#.# ##
#.......o#..
.#.......##.#o#u#Q####........#..
..#......#.#.#☼#@##.....#.....#..
.........##.#.#o#o#.....###+#....
.........#.#.#o#○##.....##.......
o..[.....##.#o#(#o#+##+###.....o.
.........#.#o#.#.##....# #....#.o
o........##o#o#o#.#....###.......
o........#o#o#o#.##o.............
........oo#########.....#####....
.........o.........o.............


You could see a brown ugly thing, a tengu conjurer, a friendly orc knight
(confused), the friendly Brunolf the orc knight (confused), a friendly orc
priest and 5 friendly orcs.

Vanquished Creatures
  Harold (D:7)
  A centaur warrior (D:13)
  2 two-headed ogres
  A manticore (D:11)
  A centaur skeleton (D:13)
  The ghost of Atelerd the Stinger, a novice OpVM (D:4)
  4 trolls
  2 hippogriffs
  2 meliai zombies
  A wyvern (D:13)
  A spriggan (D:7)
  A shadow (D:13)
  13 yaks
  Menkaure (D:6)
  9 orc warriors
  A sky beast (D:5)
  A black bear (D:9)
  5 ice beasts
  4 necrophages (D:9)
  A hornet zombie (D:9)
  3 phantoms
  10 ogres
  5 centaurs
  4 big kobolds
  5 bullfrogs
  2 wyvern skeletons
  A water moccasin zombie (D:9)
  A scorpion (D:11)
  15 killer bees
  A wight (D:10)
  4 crimson imps
  2 bullfrog zombies
  6 howler monkeys
  7 orc priests
  3 hounds
  Ijyb (D:5)
  15 worker ants
  6 iguanas
  5 orc wizards
  A hound zombie (D:9)
  A howler monkey zombie (D:8)
  A mummy (D:8)
  2 worker ant zombies
  A howler monkey skeleton (D:5)
  10 adders
  3 gnolls
  4 shadow imps
  4 oozes
  An adder zombie (D:5)
  3 adder skeletons
  2 worms
  2 dart slugs
  A leopard gecko (D:1)
  19 orcs
  2 ball pythons
  3 bats
  2 giant cockroaches
  5 goblins
  5 hobgoblins
  5 jackals
  5 quokkas
  6 frilled lizards
  21 kobolds
  A leopard gecko zombie (D:6)
  A quokka zombie (D:6)
  7 rats
  2 bushes (D:9)
269 creatures vanquished.

Vanquished Creatures (collateral kills)
  Jorgrun (D:13)
  A hydra (D:13)
  A two-headed ogre (D:11)
  An unseen horror (D:13)
  A mana viper (shapeshifter) (D:13)
  An orc knight (Bailey)
  6 slime creatures (D:13)
  3 cyclopes (D:13)
  A deep elf mage (D:13)
  An ugly thing (D:13)
  A centaur zombie (D:13)
  A centaur skeleton (D:13)
  An efreet (D:13)
  2 trolls
  A hippogriff (D:11)
  A meliai zombie (D:12)
  A vampire (D:12)
  A wraith (D:10)
  5 yaks (D:13)
  A shadow (D:13)
  An ice beast (D:11)
  4 orc warriors (Bailey)
  A sky beast (D:13)
  An eye of draining (D:11)
  A phantom (D:13)
  An ogre (D:11)
  A centaur (D:13)
  3 killer bees
  2 wights (D:10)
  2 crimson imps
  A quasit (D:13)
  2 bullfrog zombies
  An orc wizard (D:11)
  4 orc priests
  2 iguanas (D:11)
  3 worker ants
  A worker ant zombie (D:10)
  2 shadow imps (D:12)
  13 orcs
  2 kobolds (D:10)
80 creatures vanquished.

Vanquished Creatures (others)
  5 orc warriors
  An ogre (D:4)
  A crimson imp (D:6)
  3 orc priests
  3 orc wizards
  25 orcs
  2 bushes (D:9)
  11 plants (D:9)
51 creatures vanquished.

Grand Total: 400 creatures vanquished

Notes
Turn   | Place    | Note
-------+----------+-------------------------------------------
     0 | D:1      | wpisznazwe the Hill Orc Fighter began the quest for the
                  | Orb.
     0 | D:1      | Reached XP level 1. HP: 19/19 MP: 1/1
   240 | D:1      | Reached XP level 2. HP: 24/27 MP: 2/2
  1042 | D:2      | Reached XP level 3. HP: 28/33 MP: 3/3
  1837 | D:3      | Reached skill level 4 in Shields
  1837 | D:3      | Reached XP level 4. HP: 39/40 MP: 4/4
  2205 | D:3      | Reached XP level 5. HP: 46/46 MP: 5/5
  2536 | D:3      | Found a radiant altar of Vehumet.
  2820 | D:3      | Gained mutation: You are frail. (-10% HP) [potion of
                  | mutation]
  2820 | D:3      | Gained mutation: You are partially covered in large bone
                  | plates. (SH +4) [potion of mutation]
  2820 | D:3      | Gained mutation: You have sharp toenails. [potion of
                  | mutation]
  2969 | D:4      | Found a glowing golden altar of the Shining One.
  2969 | D:4      | Found a sacrificial altar of Ru.
  2971 | D:4      | Found a shimmering altar of Xom.
  2971 | D:4      | Found an iron altar of Okawaru.
  3014 | D:4      | Reached skill level 5 in Axes
  3191 | D:5      | Entered Level 5 of the Dungeon
  3602 | D:4      | Reached XP level 6. HP: 36/47 MP: 6/6
  3713 | D:4      | Found a transporter.
  3714 | D:4      | Identified the +1 dire flail "Worehes" {speed, rPois rF+
                  | Dex+2 SInv}
  3715 | D:4      | Noticed Atelerd's ghost (novice OpVM)
  3725 | D:4      | Found a transporter.
  4133 | D:4      | Reached XP level 7. HP: 37/54 MP: 7/7
  4555 | D:5      | Got a smoking ivory ring
  4556 | D:5      | Identified the ring of the Failed Coup {rC+ SInv} (You
                  | found it on level 5 of the Dungeon)
  4733 | D:5      | Noticed Ijyb
  5167 | D:5      | Reached skill level 5 in Armour
  5476 | D:5      | Killed Ijyb
  5476 | D:5      | Reached skill level 5 in Fighting
  5618 | D:5      | Reached skill level 5 in Shields
  5700 | D:5      | Found a shimmering blue altar of Sif Muna.
  5759 | D:6      | Found Puyb's Gadget Shop.
  5787 | D:5      | HP: 2/54 [orc warrior/cursed +0 dire flail (16)]
  6492 | D:5      | Reached XP level 8. HP: 38/61 MP: 8/8
  6690 | D:6      | Became a worshipper of Beogh the Brigand
  7000 | D:6      | Noticed Menkaure
  7002 | D:6      | Reached skill level 1 in Invocations
  7010 | D:6      | Killed Menkaure
  7380 | D:7      | Reached skill level 6 in Shields
  7502 | D:7      | Found a shadowy altar of Dithmenos.
  7526 | D:7      | Reached * piety under Beogh
  7634 | D:7      | Got a glittering bronze ring
  7636 | D:7      | Identified the ring "Luocoismat" {Fire +Inv MP+9 Dex-5
                  | SInv} (You found it on level 7 of the Dungeon)
  7982 | D:7      | Reached XP level 9. HP: 63/66 MP: 11/11
  8024 | D:7      | Found an ancient bone altar of Kikubaaqudgha.
  8052 | D:7      | Found a staircase to the Ecumenical Temple.
  8092 | D:7      | Reached skill level 7 in Shields
  8263 | D:7      | Noticed Harold
  8287 | D:7      | Killed Harold
  8287 | D:7      | Reached skill level 8 in Shields
  8649 | D:8      | Reached skill level 10 in Axes
  8748 | D:8      | Got a twisted mace
  8749 | D:8      | Identified the cursed +0 mace of Suaqiceoxi {vorpal, rElec
                  | Dex+3} (You found it on level 8 of the Dungeon)
  8816 | D:8      | Found a staircase to the Lair.
  8850 | D:8      | Found a snail-covered altar of Cheibriados.
  8951 | D:8      | Reached XP level 10. HP: 62/74 MP: 13/13
  8955 | D:8      | Reached skill level 5 in Invocations
  9040 | D:8      | Found an ornate altar of the Wu Jian Council.
  9228 | D:8      | Found a blossoming altar of Fedhas.
  9289 | D:8      | Found a hide-covered altar of Uskayaw.
  9695 | D:4      | Killed Atelerd's ghost
  9695 | D:4      | Reached skill level 9 in Shields
 10040 | D:8      | Paralysed by fainting for 8 turns
 10049 | D:8      | Paralysed by fainting for 5 turns
 10078 | D:9      | Paralysed by fainting for 6 turns
 10101 | D:9      | Paralysed by fainting for 8 turns
 10120 | D:9      | Found a blossoming altar of Fedhas.
 10165 | D:9      | Reached skill level 1 in Throwing
 10257 | D:9      | Reached ** piety under Beogh
 10289 | D:9      | Reached skill level 10 in Shields
 10702 | D:9      | Reached XP level 11. HP: 72/81 MP: 15/15
 10740 | D:9      | Found a runed translucent door.
 10742 | D:9      | Noticed cantrip's ghost (journeyman FoFi)
 10919 | D:9      | Noticed a two-headed ogre
 10946 | D:9      | Killed a two-headed ogre
 11277 | D:9      | Found a sparkling altar of Nemelex Xobeh.
 11378 | D:9      | Reached skill level 11 in Shields
 11536 | D:9      | Paralysed by fainting for 6 turns
 11585 | D:9      | Paralysed by fainting for 12 turns
 11730 | D:10     | Entered Level 10 of the Dungeon
 11777 | D:10     | Found Wolozej's Weapon Emporium.
 11794 | D:10     | Reached *** piety under Beogh
 12741 | D:11     | Noticed a manticore
 12758 | D:11     | Killed a manticore
 12917 | D:11     | Gained Brunolf as an ally
 13088 | D:11     | Reached skill level 12 in Shields
 13237 | D:11     | Noticed a two-headed ogre
 13253 | D:11     | Killed a two-headed ogre
 13253 | D:11     | Reached **** piety under Beogh
 13571 | D:11     | Found a staircase to the Orcish Mines.
 13711 | D:11     | Got a pitted dagger
 13712 | D:11     | Identified the +6 dagger of the Baking Viper {protect, rF+
                  | rN+ MR+ Dex+2} (You found it on level 11 of the Dungeon)
 14464 | D:12     | Found a flagged portal.
 14472 | Bailey   | Entered a bailey
 14595 | Bailey   | Reached XP level 12. HP: 73/89 MP: 17/17
 14693 | Bailey   | Paralysed by fainting for 5 turns
 14699 | Bailey   | Paralysed by fainting for 6 turns
 14779 | Bailey   | Found a roughly hewn altar of Beogh.
 14950 | D:12     | Reached skill level 10 in Armour
 15042 | D:12     | Noticed a two-headed ogre
 15055 | D:12     | Killed a two-headed ogre
 15445 | D:12     | Found Guopuvosm's Magic Scroll Shoppe.
 15703 | D:13     | Found a glowing silver altar of Zin.
 15720 | D:13     | Paralysed by fainting for 5 turns
 15752 | D:13     | Paralysed by fainting for 9 turns
 15768 | D:13     | Paralysed by fainting for 12 turns
 15778 | D:13     | Reached skill level 13 in Shields
 16043 | D:13     | Reached ***** piety under Beogh
 16246 | D:13     | Noticed a six-headed hydra
 16256 | D:13     | Killed a seven-headed hydra
 16474 | D:13     | Noticed a centaur warrior
 16486 | D:13     | Killed a centaur warrior
 16939 | D:13     | Noticed Jorgrun
 16953 | D:13     | Killed Jorgrun
 17172 | D:13     | Noticed a vault guard
 17176 | D:13     | Slain by Brunolf the orc knight

Illustrated notes

Levels and vault maps discovered:
D:1:      dpeg_arrival_signposts, layout_basic
D:2:      layout_basic
D:3:      layout_basic, nicolae_overflow_hidden_temple, dk_vineyard_3
D:4:      layout_basic, chequers_temple_overflow_statue_of_worship,
          gammafunk_ghost_smash, first_ration
D:5:      layout_gridville, lemuel_blue_sif_altar, minmay_stone_trees_small,
          uniq_ijyb
D:6:      layout_cave_pools, serial_shops, shop, uniq_menkaure
D:7:      layout_loops_corners, kiku_gazebo_pond_becter, temple_fountains,
          the_bakery, serial_park_tiny_1, minivault_24,
          nicolae_dithmenos_shadow_blocks, uniq_harold
D:8:      layout_gridville, kennysheep_little_box, slow_altar_1,
          kennysheep_mini, overflow_temple_1_default, lair_entry_dummy
D:9:      layout_basic, nemelex_altar_shiori, gammafunk_ghost_grave,
          fedhas_altar_decomposition
D:10:     layout_basic, serial_shops, shop
D:11:     minmay_goldmine, layout_basic, hiddenorc2_lemuel
D:12:     layout_roguey, enter_bailey_2, serial_shops, nicolae_shop_trees
D:13:     layout_basic, david_vaults_5, basic_altar, kennysheep_generic_room_3,
          uniq_jorgrun

Skill      XL: |  1  2  3  4  5  6  7  8  9 10 11 12 |
---------------+-------------------------------------+-----
Axes           | 3 4 5 6 7 9 10 11 12 | 12.9
Fighting       | 4 5 6 7 8 |  8.1
Shields        | 4 5 6 8 10 12 13 | 13.7
Armour         | 4 6 7 8 9 11 | 11.2
Invocations    | 3 4 6 7 9 |  9.1
Throwing       | 1 |  1.7
Dodging        | |  0.2

Action                   |  1- 3 |  4- 6 |  7- 9 | 10-12 || total
-------------------------+-------+-------+-------+-------++-------
Melee: War axe           |    64 |   181 |   384 |   301 ||   930
       Hand axe          |       |       |       |   645 ||   645
Throw: Boomerang         |       |     3 |     5 |    28 ||    36
Invok: Convert to Beogh  |       |       |     1 |       ||     1
       Recall Orcish Fol |       |       |       |     4 ||     4
       Stop Recall       |       |       |       |     1 ||     1
  Use: Scroll            |     2 |       |     8 |     8 ||    18
       Potion            |     1 |     3 |     5 |     4 ||    13
 Stab: Distracted        |       |       |       |     2 ||     2
  Eat: Chunk             |     2 |     8 |    16 |    17 ||    43
       Ration            |       |       |       |     3 ||     3
Armor: Scale mail        |    24 |    55 |    31 |       ||   110
       Plate armour      |       |       |    91 |   349 ||   440
       Fire dragon scale |       |       |       |    29 ||    29
Dodge: Dodged            |    24 |    44 |    58 |   157 ||   283
Block: Kite shield       |    31 |   103 |   251 |   700 ||  1085
